 Dungeon Crawl Stone Soup version 0.28-a0-1518-gbe868bca14 (webtiles) character file.

Game seed: 4757620350582999421

309 voltaire321 the Ducker (level 6, -3/47 HPs)
             Began as a Merfolk Gladiator on Jan 17, 2022.
             Slain by an orc wizard (9 damage)
             ... on level 4 of the Dungeon.
             The game lasted 00:09:20 (4378 turns).

voltaire321 the Ducker (Merfolk Gladiator)          Turns: 4378, Time: 00:09:20

Health: -3/47      AC:  6    Str: 15    XL:     6   Next: 41%
Magic:  8/8        EV: 14    Int: 15    God:
Gold:   157        SH:  0    Dex: 15    Spells: 6/8 levels left

rFire   . . .      SeeInvis .   a - +0 rapier
rCold   . . .      Faith    .   (no shield)
rNeg    . . .      Spirit   .   b - +0 leather armour
rPois   .          Reflect  .   c - +0 helmet
rElec   .          Harm     .   f - +0 cloak
rCorr   .          Rampage  .   (no gloves)
Will    .....                   q - +0 pair of boots
Stlth   ++........              (no amulet)
HPRegen 0.15/turn               r - +4 ring of slaying
MPRegen 0.11/turn               u - +6 ring of intelligence

@: no status effects
A: (nimble swimmer 2), mertail
a: no special abilities


You were on level 4 of the Dungeon.
You visited 1 branch of the dungeon, and saw 4 of its levels.

You collected 157 gold pieces.

Inventory:

Hand Weapons
 a - a +0 rapier (weapon)
Missiles
 d - 2 throwing nets
 t - 3 poisoned darts (quivered)
Armour
 b - a +0 leather armour (worn)
 c - a +0 helmet (worn)
 f - a +0 cloak (worn)
 q - a +0 pair of boots (worn)
Jewellery
 i - an amulet of faith
 r - a +4 ring of slaying (left hand)
 u - a +6 ring of intelligence (right hand)
Wands
 w - a wand of flame (23)
Scrolls
 h - 5 scrolls of teleportation {unknown}
 j - 2 scrolls of identify {unknown}
 l - a scroll of blinking {unknown}
 m - a scroll of enchant weapon {unknown}
 n - 2 scrolls of holy word {unknown}
 p - 2 scrolls of enchant armour {unknown}
 v - a scroll of fog {unknown}
Potions
 e - 2 potions of lignification {unknown}
 g - 2 potions of curing {unknown}
 k - a potion of berserk rage {unknown}
 o - 2 potions of cancellation {unknown}
 s - a potion of brilliance {unknown}


   Skills:
 + Level 3.5 Fighting
 + Level 4.8 Short Blades
 - Level 2.3 Throwing
 + Level 5.2 Dodging
 + Level 2.8 Stealth
 + Level 1.9 Spellcasting
 + Level 0.6 Air Magic
 + Level 1.1 Poison Magic


You had 6 spell levels left.
You knew the following spells:

 Your Spells              Type           Power      Damage    Failure   Level
a - Poisonous Vapours     Pois/Air       8%         N/A       28%         2

Your spell library contained the following spells:

 Spells                   Type           Power      Damage    Failure   Level
 Corpse Rot               Necr/Air       4%         N/A       36%         2


Dungeon Overview and Level Annotations

Branches:
Dungeon (4/15)
 Temple: D:4-7

Altars:


Innate Abilities, Weirdness & Mutations

((You are very nimble when in or above water. (Stealth+, EV+, Speed+++)))
Your lower body shifts to a powerful aquatic tail in water.


Message History

The orc hits you with a +0 morningstar.
The orc shouts!
You closely miss the orc. You punch the orc.
The orc is heavily wounded.
The orc hits you but does no damage.
You barely miss the orc.
The orc is heavily wounded.
The orc wizard gestures wildly while chanting.
The orc wizard flickers and vanishes!
Deactivating autopickup; reactivate with Ctrl-A.
The orc hits you with a +0 morningstar.
You hit the orc.
You kill the orc!
You closely miss the orc. The orc barely misses you.
You hit the orc but do no damage. The orc hits you with a +0 club.
You hit the orc but do no damage. The orc hits you but does no damage.
You barely miss the orc. The orc hits you with a +0 club.
You barely miss the orc. The orc barely misses you.
You hit the orc.
The orc is moderately wounded.
Something hits you but does no damage. The orc hits you with a +0 club.
You puncture the orc!
You kill the orc!
A magic dart appears from out of thin air!
The magic dart hits you. Something hits you. Something freezes you.
Things that are here:
a +0 club; a +0 leather armour; a +0 morningstar You barely miss something.
Something hits you but does no damage.
You closely miss something. Something hits you but does no damage.
You hit something. Something hits you! Something freezes you.
* * * LOW HITPOINT WARNING * * *
You hit something. Something hits you!
* * * LOW HITPOINT WARNING * * *
Something freezes you.
* * * LOW HITPOINT WARNING * * *
Something hits you but does no damage.
There is a stone staircase leading up here.
Something hits you!
You die...

#.######## #.#
#.# #.#
...####<#####
............#
#..####.###.###
# #.....#..# [#
#..###@#.##.#
#...........####
#..###..........
#..# ###.#######
#... #)# #.##
#o# #. #o# ..
#o# #. #.#


You could see an orc.

Vanquished Creatures
  A phantom (D:4)
  An orc priest (D:3)
  A hound (D:3)
  An orc wizard (D:3)
  8 adders
  2 worms
  A dart slug (D:1)
  8 orcs
  5 ball pythons
  5 bats
  5 endoplasms
  2 giant cockroaches
  2 goblins
  4 hobgoblins
  2 jackals (D:1)
  2 quokkas
  5 frilled lizards
  4 kobolds
  14 rats
73 creatures vanquished.

Notes
Turn   | Place    | Note
-------+----------+-------------------------------------------
     0 | D:1      | voltaire321 the Merfolk Gladiator began the quest for the
                  | Orb.
     0 | D:1      | Reached XP level 1. HP: 16/16 MP: 1/1
   337 | D:1      | Reached XP level 2. HP: 23/23 MP: 2/2
   641 | D:1      | Reached skill level 1 in Stealth
   959 | D:1      | Reached XP level 3. HP: 28/28 MP: 3/3
  1174 | D:2      | Found a faded altar of an unknown god.
  1471 | D:2      | Reached XP level 4. HP: 34/34 MP: 4/4
  2525 | D:3      | Reached skill level 1 in Spellcasting
  2578 | D:3      | Reached XP level 5. HP: 18/41 MP: 6/6
  2994 | D:3      | Learned a level 2 spell: Poisonous Vapours
  3083 | D:3      | Reached skill level 5 in Dodging
  3715 | D:4      | Noticed a phantom
  3730 | D:4      | Killed a phantom
  3731 | D:4      | Reached skill level 1 in Poison Magic
  3731 | D:4      | Reached XP level 6. HP: 14/47 MP: 8/8
  4378 | D:4      | Slain by an orc wizard

Illustrated notes

Levels and vault maps discovered:
D:1:      lightli_arrival_statue_moat, layout_rooms, fountainhead,
          chequers_serial_rivers_marsh, nrook_loot_triangle,
          minmay_rat_gold_closets
D:2:      layout_basic, ebering_ecumenical_altar_box,
          kennysheep_decorative_pillar, minmay_misc_feat_cross,
          minmay_hexomino_p4
D:3:      layout_loops_ring
D:4:      layout_loops_ring, lemuel_coloured_pillars_altar,
          minmay_temple_entry_waves, uniq_natasha

Skill      XL: |  1  2  3  4  5 |
---------------+----------------+-----
Stealth        | 1 2 |  2.8
Short Blades   | 4 |  4.8
Fighting       | 3 |  3.5
Spellcasting   | 1 |  1.9
Dodging        | 5 |  5.2
Poison Magic   | 1 |  1.1
Throwing       | |  2.3
Air Magic      | |  0.6

Action                   |  1- 3 |  4- 6 || total
-------------------------+-------+-------++-------
Melee: Rapier            |   104 |   168 ||   272
       Punch             |       |     2 ||     2
Throw: Dart              |       |     4 ||     4
       Throwing net      |       |     1 ||     1
 Stab: Sleeping          |     6 |       ||     6
       Distracted        |       |     1 ||     1
Armor: Leather armour    |    27 |    59 ||    86
Dodge: Dodged            |    67 |   123 ||   190

Table legend: (Time is in decaauts)
 A = Elapsed time spent in this place.
 B = Non-inter-level travel time spent in this place.
 C = Inter-level travel time spent in this place.
 D = Time resting spent in this place.
 E = Time spent auto-exploring this place.
 F = Levels seen in this place.
 G = Mean time per level.
                   A        B        C        D        E       F      G
               +--------+--------+--------+--------+--------+-----+--------+
         Total |   4373 |   4203 |    170 |   1064 |   2363 |   4 | 1093.2 |
       Dungeon |   4373 |   4203 |    170 |   1064 |   2363 |   4 | 1093.2 |
               +--------+--------+--------+--------+--------+-----+--------+

Top non-repeatable levels by time:
     D:2: 1669 daAuts
     D:3: 1251 daAuts
     D:1: 972 daAuts
     D:4: 480 daAuts
